 Dungeon Crawl Stone Soup version 0.28.0-53-g5a82cb258f (webtiles) character file.

Game seed: 12122702880951903225

203 Peloso the Covered (level 5, -1/47 HPs)
             Began as a Minotaur Fighter on May 29, 2022.
             Slain by Prince Ribbit (9 damage)
             ... on level 5 of the Dungeon.
             The game lasted 00:03:53 (3446 turns).

Peloso the Covered (Minotaur Fighter)               Turns: 3446, Time: 00:03:54

Health: -1/47      AC: 11    Str: 23    XL:     5   Next: 51%
Magic:  4/4        EV:  8    Int:  5    God:
Gold:   148        SH:  5    Dex: 11    Spells: 4/4 levels left

rFire   . . .      SeeInvis .   a - +0 long sword
rCold   . . .      Faith    .   c - +0 buckler
rNeg    . . .      Spirit   .   n - +0 chain mail
rPois   .          Reflect  .   (helmet restricted)
rElec   .          Harm     .   (no cloak)
rCorr   .          Rampage  .   (no gloves)
Will    .....                   o - +0 pair of boots
Stlth   ..........              (no amulet)
HPRegen 0.15/turn               (no ring)
MPRegen 0.09/turn               (no ring)

@: no status effects
A: horns 2, retaliatory headbutt, high MP 1, strong 1, MP-powered wands
a: no special abilities


You were on level 5 of the Dungeon.
You visited 1 branch of the dungeon, and saw 5 of its levels.

You collected 148 gold pieces.

Inventory:

Hand Weapons
 a - a +0 long sword (weapon)
Armour
 b - a +0 scale mail
 c - a +0 buckler (worn)
 n - a +0 chain mail (worn)
 o - a +0 pair of boots (worn)
Wands
 q - a wand of digging (5)
Scrolls
 e - 2 scrolls of enchant armour {unknown}
 f - a scroll of torment {unknown}
 h - 2 scrolls of identify {unknown}
 i - a scroll of acquirement {unknown}
 j - a scroll of enchant weapon {unknown}
 k - 4 scrolls of teleportation {unknown}
 l - a scroll of immolation
Potions
 m - a potion of haste


   Skills:
 + Level 4.3 Fighting
 + Level 4.0 Long Blades
 + Level 5.3 Armour
 + Level 1.3 Dodging
 + Level 0.3 Stealth
 + Level 4.5 Shields


You had 4 spell levels left.
You didn't know any spells.
Your spell library contained the following spells:

 Spells                   Type           Power      Damage    Failure   Level
 Sandblast                Erth           0%         2d4       99%         1
 Passwall                 Tmut/Erth      0%         N/A       100%        2
 Sublimation of Blood     Necr           0%         N/A       100%        2
 Stone Arrow              Conj/Erth      0%         3d7       100%        3
 Petrify                  Tmut/Erth      0%         N/A       100%        4
 Blade Hands              Tmut           0%         N/A       100%        5
 Irradiate                Conj/Tmut      0%         3d13      100%        5
 Dragon Form              Tmut           0%         N/A       100%        7


Dungeon Overview and Level Annotations

Branches:
Dungeon (5/15)
 Temple: D:4-7

Altars:
Ashenzari
Qazlal
Trog

Shops:
D:2 [

Annotations:
D:5 Prince Ribbit


Innate Abilities, Weirdness & Mutations

You have a pair of horns on your head.
You reflexively headbutt those who attack you in melee.
You have an increased reservoir of magic. (+10% MP)
Your muscles are strong. (Str +2)
You expend magic power (3 MP) to strengthen your wands.


Message History

You feel very sick.
It was a potion of mutation.
You feel extremely strange.
You feel your magical essence link to the dungeon's wands.
You feel more energetic.
You feel stronger.
* * * LOW HITPOINT WARNING * * *
You feel very sick.
The scorpion stings you but does no damage. x2
It was a potion of curing.
You feel better. The scorpion stings you.
* * * LOW HITPOINT WARNING * * *
You barely miss the scorpion.
The scorpion stings you but does no damage.
You hit the scorpion.
The scorpion is lightly wounded.
The scorpion stings you but does no damage. x2
You hit the scorpion.
The scorpion is moderately wounded.
You block the scorpion's attack.
You hit the scorpion.
The scorpion is heavily wounded.
You block the scorpion's attack. The scorpion stings you.
* * * LOW HITPOINT WARNING * * *
You barely miss the scorpion.
The scorpion is heavily wounded.
Prince Ribbit blinks!
The scorpion barely misses you. You furiously retaliate!
You headbutt the scorpion, but do no damage.
You hit the scorpion.
The scorpion is heavily wounded.
The scorpion stings you but does no damage.
You completely miss the scorpion.
The scorpion is heavily wounded.
The scorpion barely misses you.
The scorpion stings you but does no damage.
You slash the scorpion!
The scorpion is almost dead.
The scorpion barely misses you. You furiously retaliate!
You headbutt the scorpion, but do no damage.
You slash the scorpion!
You kill the scorpion!
Prince Ribbit hits you!
You die...

#.... ##### #....#
###.####...# #....#
.#........#.####....#
..........._..#....#
..........#.#..)..#
..<............$.#
...............F##
#............##@#
#....<..†..#####
###......### ########


You could see Prince Ribbit.

Vanquished Creatures
  Blork the orc (D:4)
  A scorpion (D:5)
  A hound (D:4)
  Jessica (D:3)
  2 adders
  An ufetubus (D:4)
  2 worms
  A dart slug (D:3)
  6 ball pythons
  3 endoplasms
  3 goblins
  6 hobgoblins
  3 jackals (D:2)
  4 quokkas
  6 bats
  5 frilled lizards
  4 kobolds
  2 rats (D:2)
52 creatures vanquished.

Vanquished Creatures (others)
  A plant (D:4)
1 creature vanquished.

Grand Total: 53 creatures vanquished

Notes
Turn   | Place    | Note
-------+----------+-------------------------------------------
     0 | D:1      | Peloso the Minotaur Fighter began the quest for the Orb.
     0 | D:1      | Reached XP level 1. HP: 19/19 MP: 0/0
   324 | D:1      | Reached skill level 4 in Armour
   324 | D:1      | Reached XP level 2. HP: 27/27 MP: 1/1
   846 | D:2      | Found a faded altar of an unknown god.
  1089 | D:2      | Found Sutom's Antique Armour Boutique.
  1198 | D:2      | Found a bloodstained altar of Trog.
  1320 | D:2      | Reached XP level 3. HP: 33/33 MP: 2/2
  2097 | D:3      | Found a broken altar of Ashenzari.
  2103 | D:3      | Noticed Jessica
  2111 | D:3      | Killed Jessica
  2112 | D:3      | Reached XP level 4. HP: 39/40 MP: 3/3
  2441 | D:4      | Reached skill level 5 in Armour
  2441 | D:4      | Reached skill level 1 in Dodging
  2754 | D:4      | Noticed Blork the orc
  2766 | D:4      | Killed Blork the orc
  2767 | D:4      | Reached XP level 5. HP: 18/47 MP: 4/4
  3416 | D:5      | Entered Level 5 of the Dungeon
  3416 | D:5      | Found a stormy altar of Qazlal.
  3418 | D:5      | Noticed Prince Ribbit
  3436 | D:5      | Gained mutation: You expend magic power (3 MP) to
                  | strengthen your wands. [potion of mutation]
  3436 | D:5      | Gained mutation: You have an increased reservoir of magic.
                  | (+10% MP) [potion of mutation]
  3436 | D:5      | Gained mutation: Your muscles are strong. (Str +2) [potion
                  | of mutation]
  3436 | D:5      | HP: 1/47 [poisoned by a scorpion]
  3446 | D:5      | Slain by Prince Ribbit

Illustrated notes

Levels and vault maps discovered:
D:1:      arrival_zaba_pyramid, layout_basic
D:2:      layout_basic, hellmonk_ecumenical_altar_blasted, basic_altar,
          serial_shops, nicolae_shop_overgrown_old_shop
D:3:      layout_basic, evilmike_ruin_ashenzari, uniq_jessica
D:4:      layout_loops_ring, serial_forest, infiniplex_forest_lined_corner,
          infiniplex_forest_end_1, infiniplex_forest_straight_5,
          infiniplex_forest_straight_5, infiniplex_forest_lined_2,
          infiniplex_forest_straight_3, infiniplex_forest_clump_tiny,
          dk_rats_in_the_wall, uniq_blork_the_orc
D:5:      layout_cave_pods, lemuel_crystal_altar, tso_altar, zin_academy,
          uniq_crazy_yiuf_cottage, uniq_prince_ribbit1, uniq_ijyb, uniq_grinder,
          uniq_sigmund

Skill      XL: |  1  2  3  4  5 |
---------------+----------------+-----
Armour         | 4 5 |  5.3
Shields        | 4 |  4.5
Fighting       | 4 |  4.3
Long Blades    | 3 4 |  4.0
Dodging        | 1 |  1.3
Stealth        | |  0.3

Action                   |  1- 3 |  4- 6 || total
-------------------------+-------+-------++-------
Melee: Long sword        |    68 |    58 ||   126
       Headbutt          |     8 |    11 ||    19
  Use: Potion            |       |     6 ||     6
Armor: Scale mail        |    44 |     2 ||    46
       Chain mail        |       |    30 ||    30
Dodge: Dodged            |    45 |    15 ||    60
Block: Buckler           |    20 |    20 ||    40
